 Dungeon Crawl Stone Soup version 0.17-a0-1863-g715b4b0 (webtiles) character file.

609119 Goblin1989 the Impregnable (level 27, -9/235 HPs)
             Began as a Vine Stalker Berserker on Sept 19, 2015.
             Was the Champion of Trog.
             Mangled by a deathcap (13 damage)
             ... summoned by a curse toe
             ... on level 9 of a ziggurat on Sept 20, 2015.
             The game lasted 06:28:57 (65185 turns).

Goblin1989 the Impregnable (VSBe)                  Turns: 65185, Time: 06:28:57

Health: -9/235     AC: 34    Str: 39    XL:     27
Magic:  0/46       EV:  9    Int:  9    God:    Trog [******]
Gold:   5059       SH:  0    Dex: 25    Spells: 0 memorised, 26 levels left

rFire  + . .     SeeInvis .     s - +9 eveningstar (vamp)
rCold  . . .     Clarity  .     J - +2 plate armour {rF+}
rNeg   + . .     SustAt   .     E - +0 large shield
rPois  .         Gourm    .     q - +0 helmet of a treasure trove {Regen+ Str+4 Dex+2 Stlth+}
rElec  +         Spirit   +     r - +2 cloak {MR+}
rCorr  .         Warding  .     Y - +0 pair of gloves {Dex+3}
rMut   +         Stasis   .     R - +3 pair of boots of Jaanaorrioh {MP+9 Slay+2}
MR     +++++                    G - amulet of resist mutation
Stlth  ..........               H - ring of the Prince {rElec rN+ Int+2 Dex+3}
                                y - +4 ring of slaying

@: confused, berserking, regenerating, very quick, almost entirely resistant to
hostile enchantments, extremely unstealthy
A: fangs 3, regeneration 3, magic shield, antimagic bite, no device heal 3, rot
immunity
a: Burn Spellbooks, Berserk, Trog's Hand, Brothers in Arms, Renounce Religion
}: 3/15 runes: decaying, serpentine, silver


You were on level 9 of a ziggurat.
You worshipped Trog.
Trog was exalted by your worship.
You were hungry.

You visited 9 branches of the dungeon, and saw 51 of its levels.
You visited 1 ziggurat, and saw 9 of its levels.
You also visited: Labyrinth, Bailey and Ice Cave.

You collected 8537 gold pieces.
You spent 3424 gold pieces at shops.

Inventory:

Hand weapons
 a - the +8 mace "Offimmuo" {crush, rPois rC+}
   (You found it on level 7 of a ziggurat)

   It inflicts extra damage upon your enemies.
   It protects you from cold.
   It protects you from poison.
 s - a +9 vampiric eveningstar (weapon)
Armour
 p - the cursed +1 fire dragon armour "Tierakk" {*Contam +Inv +Fly rF++ rC- Int+4, unknown}
   (You found it on level 7 of a ziggurat)

   It affects your intelligence (+4).
   It greatly protects you from fire.
   It makes you vulnerable to cold.
   It lets you turn invisible.
   It lets you fly.
   It causes magical contamination when unequipped.
   It has a curse placed upon it.
 q - the +0 helmet of a treasure trove (worn) {Regen+ Str+4 Dex+2 Stlth+}
   (You found it in an ice cave)

   It affects your strength (+4).
   It affects your dexterity (+2).
   It increases your rate of regeneration.
   It makes you more stealthy.
 r - a +2 cloak of magic resistance (worn)
 E - a +0 large shield (worn)
 J - a +2 plate armour of fire resistance (worn)
 R - the +3 pair of boots of Jaanaorrioh (worn) {MP+9 Slay+2}
   (You found it in a labyrinth)

   It affects your accuracy and damage with ranged weapons and melee attacks
   (+2).
   It affects your magic capacity (+9).
 Y - a +0 pair of gloves of dexterity (worn)
Jewellery
 f - the ring of the Iron Devil {rPois MR- Int-3 Dex+2 SInv}
   (You bought it in a shop on level 5 of the Dungeon)

   [ring of poison resistance]

   It affects your intelligence (-3).
   It affects your dexterity (+2).
   It protects you from poison.
   It affects your resistance to hostile enchantments.
   It lets you see invisible.
 u - the ring of Hospitality {+/*Tele rPois rC+}
   (You found it on level 8 of a ziggurat)

   [ring of teleportation]

   It may teleport you to nearby monsters, and can be evoked to randomly
   teleport.
   It protects you from cold.
   It protects you from poison.
 w - an uncursed ring of positive energy
 y - a +4 ring of slaying (left hand)
 C - an uncursed ring of protection from fire
 G - an amulet of resist mutation (around neck)
 H - the ring of the Prince (right hand) {rElec rN+ Int+2 Dex+3}
   (You took it off a human on level 13 of the Dungeon)

   [ring of intelligence]

   It affects your intelligence (+2).
   It affects your dexterity (+3).
   It insulates you from electricity.
   It protects you from negative energy.
 M - the ring of Ascent {MR++ Int+3}
   (You took it off a deep elf fighter on level 5 of the Vaults)

   [ring of intelligence]

   It affects your intelligence (+3).
   It affects your resistance to hostile enchantments.
Magical devices
 d - a wand of teleportation (0)
 m - a wand of disintegration (13)
 t - a wand of digging (13)
 D - a wand of paralysis (13)
 I - a wand of invisibility (6)
 S - a wand of lightning (2)
Scrolls
 b - 23 scrolls of teleportation
 e - 26 scrolls of remove curse
 n - 10 scrolls of fog
 x - 3 scrolls of magic mapping
 B - 9 scrolls of blinking
 P - 6 scrolls of fear
 T - 3 scrolls of enchant weapon
 U - 8 scrolls of summoning
 Z - 8 scrolls of identify
Potions
 i - 3 potions of cancellation
 j - 32 potions of curing
 k - 5 potions of flight
 o - 5 potions of magic
 v - 2 potions of invisibility
 z - 9 potions of ambrosia
 A - 5 potions of agility
 F - 5 potions of might
 L - 11 potions of haste
 O - 2 potions of cure mutation
 Q - 5 potions of resistance
Books
 W - a book of Conjurations

   Spells                             Type                      Level
   a - Magic Dart                     Conjuration                  1
   b - Searing Ray                    Conjuration                  2
   c - Dazzling Spray                 Conjuration/Hexes            3
   d - Fulminant Prism                Conjuration/Hexes            4
   e - Iskenderun's Mystic Blast      Conjuration                  4
   f - Iskenderun's Battlesphere      Conjuration/Charms           5
   Trog disapproves of the use of such an item.
Miscellaneous
 g - a fan of gales
 h - a stone of tremors
 l - a sack of spiders
 K - a box of beasts {used: 1}
 N - a phial of floods
 V - a lamp of fire
 X - a legendary deck of wonders {drawn: 1}
Comestibles
 c - 9 bread rations


   Skills:
 + Level 20.3 Fighting
 - Level 16.0 Maces & Flails
 - Level 21.2 Armour
 - Level 1.5 Dodging
 - Level 19.0 Shields
 - Level 19.1 Evocations


You had 26 spell levels left.
You didn't know any spells.

Dungeon Overview and Level Annotations

Branches:
Dungeon (15/15)            Temple (0/1) D:4            Lair (8/8) D:9
  Swamp (4/4) Lair:6        Snake (4/4) Lair:5        Slime (0/6) Lair:6
    Orc (4/4) D:11            Elf (3/3) Orc:4        Vaults (5/5) D:13
  Crypt (3/3) Vaults:2       Tomb (0/3) Crypt:3      Depths (5/5) D:15
    Zot (0/5) Depths:5

Altars:
Ashenzari
Cheibriados
Dithmenos
Elyvilon
Gozag
Kikubaaqudgha
Makhleb
Okawaru
Ru
Sif Muna
Vehumet
Xom
Yredelemnul
The Shining One
Beogh

Shops:
D:5 =%!*   D:6 (   D:15 ?   Orc:1 (   Orc:2 =   Orc:3 :   Orc:4 *?(*:([!
Elf:1 !   Elf:2 ?*[:%   Elf:3 =   Snake:2 :

Portals:
Hell: Depths:1 Depths:2 Depths:3 Depths:4 Depths:5
Abyss: Depths:1 Depths:3 Depths:4
Pandemonium: Depths:3

Annotations:
Elf:2 2 runed doors


Innate Abilities, Weirdness & Mutations

You have razor-sharp teeth.
You regenerate.
When hurt, damage is shared between your health and your magic reserves.
Your bite disrupts and absorbs the magic of your enemies.
Potions and wands cannot restore your health.
You are immune to rotting.


Message History

The deathcap releases spores at you!
* * * LOW HITPOINT WARNING * * *
You are engulfed in a cloud of spores!
You are more confused.
You bludgeon the Shadow Fiend!!
You feel the power of Trog in you as your rage grows.
You kill the Shadow Fiend!
Trog accepts your kill.
The deathcap releases spores at you but does no damage.
You're too confused to move!
Something hits you but does no damage. Something bites you!
* * * LOW HITPOINT WARNING * * *
The skeletal warrior hits you but does no damage.
The deathcap releases spores at you but does no damage.
Unknown command.
You pound the skeletal warrior like an anvil!!!
You destroy the skeletal warrior!
You hear a loud, deep croak!
The deathcap releases spores at you!
You die...

▓▓▓▓ ▓....
▓.....
▓......
▓▓fZ.....
▓▓{f§.....
▓.@Wz....8
▓▓.f1.....
▓▓Z......
▓......
▓.....
▓.... ▓▓▓▓


You could see a curse toe, a Shadow Fiend, 2 deathcaps, a wandering mushroom, a
freezing wraith, a frost giant zombie and a tengu skeleton.

Vanquished Creatures
  Khufu (Crypt:3)
  4 juggernauts
  An ancient lich (Crypt:3)
  Sojobo (Depths:2)
  Saint Roka (Depths:2)
  2 Killer Klowns (Zig:8)
  3 golden dragons (Depths:3)
  the Enchantress (Depths:2)
  Xtahua (Vaults:3)
  5 bone dragons
  3 pandemonium lords (Zig:8)
  Jorgrun (Depths:1)
  The ghost of Protee the Stormcaller, a mighty DsCj of Vehumet (Depths:2)
  The ghost of zkyp the Executioner, a mighty DDAE of Makhleb (Depths:1)
  An Ice Fiend (IceCv)
  A shard shrike skeleton (Crypt:1)
  7 tentacled monstrosities
  Asterion (Depths:2)
  8 liches
  4 titans
  3 deep elf blademasters (Elf:3)
  5 sphinxes
  2 deep elf master archers
  A Shadow Fiend (Zig:9)
  2 octopode crushers (Depths:4)
  Agnes (Elf:1)
  7 ancient champions
  3 storm dragons
  4 shadow dragons (Vaults:5)
  12 tengu reavers
  Roxanne (Elf:3)
  7 greater nagas
  2 thorn hunters
  A revenant (Crypt:3)
  Wiglaf (D:15)
  6 fire giants
  5 frost giants
  A draconian knight (Depths:5)
  10 deep elf sorcerers
  2 orc warlords (Zig:5)
  Aizul (Snake:1)
  Louise (Elf:2)
  3 iron dragons
  A draconian shifter (Depths:5)
  13 vault wardens
  2 curse skulls (Vaults:2)
  2 juggernaut zombies
  3 angels
  13 ironheart preservers
  A war gargoyle (Vaults:5)
  11 ghouls
  A balrug (Depths:4)
  17 very ugly things
  5 vampire knights
  A green draconian (Depths:5)
  3 spriggan defenders (Depths:2)
  A salamander firebrand (Depths:5)
  Nessos (D:14)
  14 stone giants
  8 deep elf demonologists
  4 salamander stormcallers
  A white draconian (Depths:5)
  A yellow draconian (Depths:4)
  12 deep elf annihilators
  15 ettins
  Snorg (D:12)
  A crystal guardian (Vaults:5)
  8 deep elf death magi
  5 eidola
  A minotaur (Lab)
  7 fire dragons
  21 yaktaur captains
  33 vault guards
  5 jiangshi
  Josephine (Lair:7)
  7 great orbs of eyes
  3 entropy weavers
  Erolcha (D:9)
  6 ice dragons
  7 deep elf high priests (Elf:3)
  19 hydras
  A catoblepas (D:13)
  16 naga warriors
  2 spriggan air magi
  An entropy weaver (shapeshifter) (Elf:3)
  2 quicksilver dragon skeletons
  The ghost of Rayvis the Fighter, an experienced MiFi of Okawaru (D:9)
  A caustic shrike simulacrum (Depths:2)
  3 death knights
  13 centaur warriors
  2 rakshasas
  20 dancing weapons (Elf:2)
  17 anacondas
  A queen ant (Lair:3)
  20 ogre magi
  9 deep troll shamans
  16 death yaks
  5 orc high priests
  11 alligators
  10 deep troll earth magi
  4 vampire magi
  A tengu warrior (D:11)
  2 sun demons (Depths:4)
  13 naga sharpshooters
  10 spriggans
  4 soul eaters
  16 deep elf knights
  An iron troll (Depths:4)
  64 skeletal warriors
  A spriggan berserker (Depths:2)
  7 wizards
  2 fire crabs
  A death drake (Zig:9)
  7 salamander mystics
  A storm dragon zombie (Depths:4)
  10 shock serpents
  6 shadow wraiths
  A fire crab (shapeshifter) (D:13)
  An unseen horror (shapeshifter) (Depths:3)
  A golden dragon zombie (Depths:4)
  7 flayed ghosts
  3 spriggan druids
  7 unseen horrors
  3 hell knights
  9 sea snakes (Snake:4)
  A storm dragon skeleton (Crypt:3)
  2 ghost moth zombies (Crypt:2)
  A giant orange brain (shapeshifter) (Vaults:5)
  5 ice devils (IceCv)
  3 harpies (Vaults:5)
  6 swamp dragons
  5 giant orange brains
  15 deep elf summoners
  5 hill giants
  4 ice statues (IceCv)
  13 ironbrand convokers
  15 necromancers
  41 deep trolls
  2 anaconda skeletons
  4 lindwurms (Snake:4)
  A tengu zombie (Depths:4)
  10 phantasmal warriors
  A mana viper (shapeshifter) (Zig:7)
  12 orc knights
  9 naga ritualists
  A golden dragon skeleton (Vaults:5)
  A shambling mangrove (Swamp:4)
  16 deep elf conjurers
  11 hornets
  18 mana vipers
  3 wolf spiders
  6 griffons
  2 oklob plants (Zig:6)
  7 orc sorcerers
  34 ugly things
  3 stone giant zombies
  A salamander (shapeshifter) (Depths:1)
  2 shadow dragon skeletons (Crypt:3)
  2 manticores (D:11)
  5 cyclopes
  2 fire giant zombies
  4 frost giant zombies
  2 storm dragon simulacra
  A shock serpent zombie (Crypt:1)
  5 fire giant skeletons
  17 elephants
  9 guardian serpents
  A sphinx skeleton (Vaults:3)
  5 stone giant skeletons
  10 vault sentinels
  11 salamanders
  2 frost giant skeletons (Crypt:2)
  An orange demon (Depths:3)
  Joseph (D:9)
  46 black mambas
  A rust devil (Depths:5)
  An apocalypse crab (Zig:8)
  4 centaur zombies
  21 naga magi
  A gargoyle (D:10)
  A torpor snail (shapeshifter) (Vaults:5)
  Psyche (D:9)
  A shock serpent skeleton (Crypt:3)
  An efreet (D:14)
  3 centaur skeletons
  A death yak zombie (Crypt:3)
  2 kobold demonologists (D:15)
  7 fire drakes
  A white draconian zombie (Crypt:2)
  A yaktaur (shapeshifter) (Depths:2)
  A tormentor (Depths:3)
  An emperor scorpion zombie (Crypt:2)
  45 yaktaurs
  A hellion (Zig:9)
  19 spiny frogs
  A komodo dragon (shapeshifter) (Depths:3)
  2 black draconian zombies
  2 anaconda simulacra (IceCv)
  A yaktaur zombie (Vaults:3)
  A troll (shapeshifter) (Vaults:2)
  18 komodo dragons
  A tengu conjurer (D:11)
  A silent spectre (Zig:9)
  A guardian mummy (Zig:1)
  A red devil (Depths:3)
  2 golden dragon simulacra (IceCv)
  5 freezing wraiths
  A minotaur zombie (Lab)
  A catoblepas skeleton (Crypt:2)
  16 deep elf priests
  A polar bear (Lair:8)
  7 trolls
  9 giant leeches
  4 blue devils (IceCv)
  Grinder (D:6)
  33 two-headed ogres
  A blink frog (shapeshifter) (D:15)
  2 hydra skeletons
  A jumping spider (shapeshifter) (Vaults:1)
  2 shadow dragon simulacra
  3 boulder beetles
  21 blink frogs
  12 bog bodies
  3 ettin zombies
  A fire giant simulacrum (Depths:4)
  3 harpy skeletons (Crypt:3)
  9 slime creatures
  2 iron dragon simulacra
  5 shadows
  3 spriggan zombies
  3 ettin skeletons
  A redback (shapeshifter) (Vaults:5)
  A fire dragon skeleton (Crypt:3)
  3 water elementals
  Sigmund (D:2)
  4 tarantellas
  11 wraiths
  9 redbacks
  30 yaks
  16 flying skulls
  2 wyverns
  A vampire (Crypt:1)
  26 humans
  A basilisk (shapeshifter) (Vaults:3)
  A black mamba skeleton (Crypt:3)
  3 basilisks (Lair:8)
  Eustachio (D:6)
  A steam dragon (D:12)
  6 mottled dragons
  36 deep elf magi
  4 wargs
  12 hippogriffs
  A hippogriff (shapeshifter) (Vaults:3)
  37 deep elf fighters
  A neqoxec (Depths:3)
  A wolf (Lair:8)
  10 vampire mosquitoes
  21 swamp worms
  A hill giant skeleton (Crypt:1)
  Edmund (D:4)
  8 chaos spawn
  16 insubstantial wisps
  A hydra simulacrum (IceCv)
  10 small abominations
  An iron troll simulacrum (IceCv)
  5 soldier ants (Lair:3)
  4 harpy simulacra (IceCv)
  20 water moccasins
  39 nagas
  10 large abominations
  A monstrous demonspawn skeleton (Crypt:1)
  17 porcupines
  An eye of draining (D:12)
  12 ice beasts
  37 orc warriors
  A sky beast (D:7)
  A black bear (D:8)
  A black bear (shapeshifter) (Vaults:2)
  An elephant zombie (Crypt:2)
  60 ogres
  17 swamp drakes
  7 wasps
  6 necrophages
  3 snapping turtle skeletons (Crypt:3)
  18 crocodiles
  7 phantoms
  19 centaurs
  2 manticore skeletons
  An elephant skeleton (Crypt:3)
  12 boggarts
  6 big kobolds
  A salamander zombie (Crypt:3)
  A fire drake zombie (Crypt:2)
  22 giant frogs
  3 wyvern skeletons
  A water moccasin zombie (D:6)
  A yak skeleton (Crypt:3)
  4 scorpions
  A queen bee zombie (Crypt:3)
  17 killer bees
  A spriggan skeleton (Lab)
  A raiju skeleton (Crypt:2)
  2 electric eels
  7 crimson imps
  2 vampire bats (Lair:6)
  An elf zombie (Vaults:1)
  10 jellies
  9 hounds
  2 quasits (Depths:3)
  A human zombie (Crypt:1)
  14 wights
  4 giant frog zombies
  6 two-headed ogre zombies (Orc:1)
  A human simulacrum (Vaults:1)
  Crazy Yiuf (D:3)
  3 giant frog skeletons
  15 worker ants
  Jessica (D:3)
  32 orc priests
  Terence (D:2)
  Natasha (twice) (D:4)
  A gnoll shaman (D:5)
  17 iguanas
  31 orc wizards
  11 hell rats
  A dwarf zombie (Crypt:3)
  37 sheep
  An ogre skeleton (Crypt:3)
  2 hound skeletons
  7 mummies
  Robin (D:3)
  14 adders
  5 gnolls (D:5)
  68 river rats
  2 shadow imps (D:14)
  A swamp drake skeleton (Crypt:2)
  A white imp (Depths:3)
  2 ufetubi (Depths:3)
  An adder skeleton (D:4)
  3 adder zombies
  3 worms
  5 giant geckos
  205 orcs
  12 bats
  A bat skeleton (Crypt:1)
  5 giant cockroaches
  16 goblins
  11 hobgoblins
  18 jackals
  24 kobolds
  3 quokkas
  A ball python (D:2)
  A ball python zombie (D:5)
  7 giant newts
  A giant newt zombie (Crypt:2)
  A jackal skeleton (D:4)
  A kobold zombie (Crypt:1)
  A quokka skeleton (D:6)
  6 rats
  A rat zombie (Crypt:3)
  2 butterflies (Lair:1)
  2 crawling corpses (Elf:3)
  3 fire vortices (Vaults:5)
2686 creatures vanquished.

Vanquished Creatures (collateral kills)
  Mennas (Vaults:5)
  the Lernaean hydra (Swamp:4)
  Nikola (Swamp:2)
  Jory (Crypt:1)
  A sphinx (Zig:6)
  2 thorn hunters
  A daeva (Depths:1)
  A vault warden (Zig:6)
  A chaos champion (Zig:8)
  A deep elf demonologist (Zig:6)
  An entropy weaver (Zig:6)
  3 hydras (Swamp:4)
  2 death yaks (Lair:7)
  A deep troll shaman (Depths:1)
  A deep troll (Depths:1)
  A phantasmal warrior (Crypt:1)
  A shadow dragon zombie (Crypt:1)
  An ironbrand convoker (Zig:6)
  2 necromancers
  3 oklob plants (Zig:6)
  A hornet (Swamp:4)
  2 vault sentinels (Zig:6)
  A spiny frog (Swamp:4)
  A giant leech (Swamp:3)
  2 bog bodies (Swamp:3)
  A yak (Lair:7)
  A satyr skeleton (Crypt:1)
  A wasp (Swamp:4)
  A snapping turtle simulacrum (Crypt:1)
38 creatures vanquished.

Vanquished Creatures (others)
  A deep elf high priest (Elf:3)
  A deep elf knight (Zig:7)
  A black mamba (Zig:4)
  A deep elf fighter (Vaults:5)
  A water elemental (Depths:4)
  A swamp drake (Lair:8)
  A human (D:6)
  3 ogres
  A fulminant prism (Depths:2)
  7 fungi
  7 lost souls
  10 plants
35 creatures vanquished.

Grand Total: 2759 creatures vanquished

Notes
Turn   | Place    | Note
--------------------------------------------------------------
     0 | D:1      | Goblin1989 the Vine Stalker Berserker began the quest for the Orb.
     0 | D:1      | Reached XP level 1. HP: 11/11 MP: 2/2
    34 | D:1      | Reached skill level 3 in Maces & Flails
   140 | D:1      | Reached XP level 2. HP: 13/16 MP: 3/3
   530 | D:1      | Reached XP level 3. HP: 19/19 MP: 4/4
   549 | D:1      | Acquired Trog's second power
   815 | D:2      | Reached skill level 4 in Maces & Flails
  1144 | D:2      | Reached XP level 4. HP: 23/23 MP: 3/5
  1156 | D:2      | Noticed Sigmund
  1163 | D:2      | Killed Sigmund
  1163 | D:2      | Reached skill level 5 in Maces & Flails
  1163 | D:2      | Reached XP level 5. HP: 24/27 MP: 3/6
  1372 | D:2      | Noticed Terence
  1382 | D:2      | Killed Terence
  1382 | D:2      | Reached skill level 6 in Maces & Flails
  1382 | D:2      | Gained mutation: You heal very quickly. [Vine Stalker growth]
  1382 | D:2      | Reached XP level 6. HP: 30/32 MP: 7/7
  1756 | D:3      | Noticed Jessica
  1762 | D:3      | Killed Jessica
  1976 | D:3      | Noticed Robin
  2004 | D:3      | Killed Robin
  2375 | D:3      | Noticed Crazy Yiuf
  2381 | D:3      | Killed Crazy Yiuf
  2670 | D:4      | Noticed Edmund
  2694 | D:4      | Killed Edmund
  2694 | D:4      | Reached skill level 7 in Maces & Flails
  2694 | D:4      | Reached XP level 7. HP: 15/35 MP: 8/8
  2951 | D:4      | Noticed Natasha
  2956 | D:4      | Killed Natasha
  2987 | D:4      | Noticed Natasha
  3001 | D:4      | Killed Natasha
  3054 | D:4      | Reached skill level 8 in Maces & Flails
  3061 | D:4      | Found a staircase to the Ecumenical Temple.
  3257 | D:5      | Entered Level 5 of the Dungeon
  3283 | D:5      | Acquired Trog's third power
  3294 | D:5      | Gained mutation: You have razor-sharp teeth. [Vine Stalker growth]
  3294 | D:5      | Reached XP level 8. HP: 25/39 MP: 6/9
  3493 | D:5      | Found Bagi's Distillery.
  3514 | D:5      | Bought a potion of cancellation for 96 gold pieces
  3514 | D:5      | Bought a potion of might for 48 gold pieces
  3514 | D:5      | Bought a potion of curing for 36 gold pieces
  3545 | D:5      | Found Eguanas's General Store.
  3561 | D:5      | Reached skill level 1 in Shields
  3600 | D:5      | Found Kaekk's Food Boutique.
  3608 | D:5      | Found Xuntife's Jewellery Emporium.
  3632 | D:5      | Found a burning altar of Makhleb.
  3632 | D:5      | Found a radiant altar of Vehumet.
  3783 | D:6      | Noticed Grinder
  3791 | D:6      | Killed Grinder
  3833 | D:6      | Found Mocoquna's Weapon Emporium.
  3898 | D:6      | Noticed Eustachio
  3900 | D:6      | Reached skill level 9 in Maces & Flails
  3914 | D:6      | Killed Eustachio
  3914 | D:6      | Reached XP level 9. HP: 43/43 MP: 10/10
  3959 | D:6      | Received a gift from Trog
  4049 | D:6      | Found an ancient bone altar of Kikubaaqudgha.
  4297 | D:7      | Reached skill level 10 in Maces & Flails
  4482 | D:7      | Reached skill level 5 in Fighting
  4830 | D:8      | Found a shimmering altar of Xom.
  4830 | D:8      | Found a deep blue altar of Sif Muna.
  5430 | D:8      | Found a glowing golden altar of the Shining One.
  5434 | D:8      | Found an ancient bone altar of Kikubaaqudgha.
  5434 | D:8      | Found a white marble altar of Elyvilon.
  5435 | D:8      | Found a snail-covered altar of Cheibriados.
  5437 | D:8      | Found a shattered altar of Ashenzari.
  5438 | D:8      | Found an iron altar of Okawaru.
  5439 | D:8      | Found a shadowy altar of Dithmenos.
  5530 | D:9      | Reached XP level 10. HP: 47/55 MP: 11/11
  5554 | D:9      | Reached skill level 13 in Maces & Flails
  5554 | D:9      | Reached XP level 11. HP: 51/58 MP: 12/12
  5594 | D:9      | Noticed Psyche
  5606 | D:9      | Killed Psyche
  5832 | D:9      | Received a gift from Trog
  5911 | D:9      | Found a staircase to the Lair.
  6181 | D:9      | Noticed Joseph
  6202 | D:9      | Killed Joseph
  6211 | D:9      | Noticed Erolcha
  6222 | D:9      | Killed Erolcha
  6233 | D:9      | Noticed Rayvis's ghost (experienced MiFi)
  6253 | D:9      | Killed Rayvis's ghost
  6510 | Lair:1   | Entered Level 1 of the Lair of Beasts
  6858 | Lair:1   | Reached skill level 10 in Fighting
  7835 | Lair:2   | Gained mutation: You regenerate. [Vine Stalker growth]
  7835 | Lair:2   | Reached XP level 12. HP: 68/68 MP: 13/13
  7870 | Lair:2   | Reached skill level 14 in Maces & Flails
  8839 | Lair:3   | Noticed a death yak
  8839 | Lair:3   | Noticed a death yak
  8840 | Lair:3   | Noticed a death yak
  8840 | Lair:3   | Noticed a death yak
  8840 | Lair:3   | Noticed a death yak
  8862 | Lair:3   | Killed a death yak
  8935 | Lair:3   | Received a gift from Trog
  8958 | Lair:3   | Noticed a queen ant
  8979 | Lair:3   | Killed a queen ant
  8979 | Lair:3   | Reached skill level 5 in Armour
  9143 | Lair:3   | Killed a death yak
  9151 | Lair:3   | Killed a death yak
  9157 | Lair:3   | Killed a death yak
  9165 | Lair:3   | Killed a death yak
  9887 | Lair:4   | Reached XP level 13. HP: 72/72 MP: 14/14
 10898 | Lair:5   | Got a steaming morningstar
 10899 | Lair:5   | Identified the +2 morningstar of Qazlal's Condemnation {crush, Str+4 Stlth+} (You found it on level 5 of the Lair of Beasts)
 10983 | Lair:5   | Received a gift from Trog
 11279 | Lair:5   | Found a staircase to the Snake Pit.
 12149 | Lair:6   | Reached skill level 10 in Armour
 12456 | Lair:6   | Found a staircase to the Swamp.
 12468 | Lair:6   | Received a gift from Trog
 12507 | Lair:6   | Reached skill level 5 in Shields
 12521 | Lair:6   | Found a staircase to the Slime Pits.
 13113 | Lair:7   | Found an opulent altar of Gozag.
 13465 | Lair:7   | Reached XP level 14. HP: 72/77 MP: 15/15
 13889 | Lair:7   | Reached skill level 10 in Shields
 14062 | Lair:7   | Noticed Josephine
 14066 | Lair:7   | Killed Josephine
 14066 | Lair:7   | Received a gift from Trog
 14385 | Lair:8   | Entered Level 8 of the Lair of Beasts
 14437 | Lair:8   | Found a labyrinth entrance.
 14447 | Lab      | Entered a labyrinth
 14660 | Lab      | Identified a cursed +1 rod of inaccuracy (11/11) (You found it on level 7 of the Lair of Beasts)
 14687 | Lab      | Got a pair of heavily runed boots
 14759 | Lair:8   | Identified the +3 pair of boots of Jaanaorrioh {MP+9 Slay+2} (You found it in a labyrinth)
 15543 | Lair:8   | Reached skill level 1 in Evocations
 15608 | Lair:8   | Reached XP level 15. HP: 81/81 MP: 17/17
 15755 | Lair:8   | Received a gift from Trog
 16261 | D:10     | Entered Level 10 of the Dungeon
 16930 | D:11     | Reached skill level 5 in Evocations
 17022 | D:11     | Found a roughly hewn altar of Beogh.
 17022 | D:11     | Found a staircase to the Orcish Mines.
 17539 | D:11     | You fall through a shaft!
 17562 | D:12     | Received a gift from Trog
 18057 | Orc:1    | Entered Level 1 of the Orcish Mines
 18092 | Orc:1    | Found Remoh's Antique Weapon Shoppe.
 18389 | Orc:2    | Found Bujeuwn's Jewellery Boutique.
 18418 | Orc:2    | Found a roughly hewn altar of Beogh.
 18469 | Orc:3    | Found Gukhem's Book Emporium.
 18757 | Orc:2    | Found a roughly hewn altar of Beogh.
 18761 | Orc:2    | Found a flagged portal.
 18770 | Bailey   | Entered a bailey
 18789 | Bailey   | Received a gift from Trog
 18898 | Bailey   | Reached XP level 16. HP: 85/88 MP: 22/22
 19610 | Orc:3    | Found a roughly hewn altar of Beogh.
 19770 | Orc:2    | Bought an uncursed amulet of resist mutation for 640 gold pieces
 19876 | Orc:4    | Entered Level 4 of the Orcish Mines
 19946 | Orc:4    | Found a staircase to the Elven Halls.
 19996 | Orc:4    | Found Hiusot's Magic Scroll Boutique.
 20000 | Orc:4    | Found Athrik's Assorted Antiques.
 20004 | Orc:4    | Bought a scroll of enchant weapon for 127 gold pieces
 20011 | Orc:4    | Bought a scroll of identify for 78 gold pieces
 20011 | Orc:4    | Bought a scroll of recharging for 370 gold pieces
 20011 | Orc:4    | Bought a pair of runed gloves for 175 gold pieces
 20061 | Orc:4    | Received a gift from Trog
 20094 | Orc:4    | Found Ihaoff's Weapon Boutique.
 20120 | Orc:4    | Found Isu Peer's Book Emporium.
 20188 | Orc:4    | Found Xoeph's Antique Armour Boutique.
 20188 | Orc:4    | Found Qolota's Distillery.
 20188 | Orc:4    | Found Aruteapp's Weapon Shop.
 20237 | Orc:4    | Found Gaucw's Assorted Antiques.
 20266 | Orc:4    | Bought a runed plate armour for 575 gold pieces
 20278 | Orc:4    | Bought a jewelled iron wand for 116 gold pieces
 20278 | Orc:4    | Bought a scroll of identify for 58 gold pieces
 20278 | Orc:4    | Bought a scroll of identify for 58 gold pieces
 20278 | Orc:4    | Bought a scroll of identify for 58 gold pieces
 20659 | Orc:4    | Received a gift from Trog
 21129 | Swamp:1  | Entered Level 1 of the Swamp
 21915 | Swamp:2  | Noticed a thorn hunter
 21927 | Swamp:2  | Killed a thorn hunter
 21927 | Swamp:2  | Reached skill level 15 in Maces & Flails
 21971 | Swamp:2  | Noticed Nikola
 21981 | Swamp:2  | Killed Nikola
 22172 | Swamp:2  | Reached XP level 17. HP: 72/93 MP: 24/24
 22799 | Swamp:3  | Found a frozen archway.
 22810 | Swamp:3  | Received a gift from Trog
 22817 | Swamp:3  | Reached skill level 16 in Maces & Flails
 22874 | IceCv    | Entered an ice cave
 23344 | IceCv    | Noticed an Ice Fiend
 23359 | IceCv    | Killed an Ice Fiend
 23372 | IceCv    | Got a spiked helmet
 23387 | IceCv    | Identified the +0 helmet of a treasure trove {Regen+ Str+4 Dex+2 Stlth+} (You found it in an ice cave)
 24819 | Swamp:4  | Entered Level 4 of the Swamp
 25455 | Swamp:4  | Noticed the 27-headed Lernaean hydra
 25696 | Snake:1  | Entered Level 1 of the Snake Pit
 25710 | Snake:1  | Received a gift from Trog
 26141 | Snake:1  | Reached XP level 18. HP: 103/103 MP: 25/25
 26177 | Snake:1  | Noticed Aizul
 26193 | Snake:1  | Killed Aizul
 26193 | Snake:1  | Reached skill level 15 in Fighting
 26707 | Snake:2  | Received a gift from Trog
 27196 | Snake:2  | Found Lurisom's Book Shoppe.
 27475 | Snake:3  | Received a gift from Trog
 27981 | Snake:4  | Entered Level 4 of the Snake Pit
 28734 | Snake:4  | Received a gift from Trog
 28843 | Snake:4  | Reached XP level 19. HP: 108/108 MP: 26/26
 29491 | Snake:4  | Received a gift from Trog
 30702 | Snake:4  | Got a crystal mace {god gift}
 30703 | Snake:4  | Identified the +4 mace of Honour {venom, rC+} (Trog gifted it to you on level 4 of the Snake Pit)
 30752 | Snake:4  | Got a serpentine rune of Zot
 31604 | D:12     | Noticed Snorg
 31613 | D:12     | Killed Snorg
 32039 | D:13     | Received a gift from Trog
 32306 | D:13     | Reached skill level 15 in Shields
 32347 | D:13     | Got a steaming jade ring
 32348 | D:13     | Found a gate to the Vaults.
 32647 | D:13     | Identified the ring of the Prince {rElec rN+ Int+2 Dex+3} (You took it off a human on level 13 of the Dungeon)
 32712 | D:14     | Found a sacrificial altar of Ru.
 32729 | D:14     | Noticed Nessos
 32747 | D:14     | Killed Nessos
 33464 | D:15     | Entered Level 15 of the Dungeon
 33585 | D:15     | Reached XP level 20. HP: 113/113 MP: 27/27
 33591 | D:15     | Received a gift from Trog
 33604 | D:15     | Found a staircase to the Depths.
 33645 | D:15     | Found Tannam's Magic Scroll Shop.
 33727 | D:15     | Bought a scroll of enchant weapon for 97 gold pieces
 34287 | Orc:2    | Bought an uncursed ring of see invisible for 240 gold pieces
 35101 | Vaults:1 | Entered Level 1 of the Vaults
 35694 | D:5      | Bought the ring of the Iron Devil {rPois MR- Int-3 Dex+2 SInv} for 298 gold pieces
 36573 | Vaults:1 | Received a gift from Trog
 37079 | Vaults:1 | Reached skill level 10 in Evocations
 37475 | Vaults:2 | Received a gift from Trog
 37935 | Vaults:2 | Found a staircase to the Crypt.
 38632 | Vaults:3 | Reached skill level 15 in Armour
 38652 | Vaults:3 | Noticed Xtahua
 38669 | Vaults:3 | Killed Xtahua
 39008 | Vaults:3 | Received a gift from Trog
 39040 | Vaults:3 | Reached XP level 21. HP: 112/117 MP: 29/29
 39655 | Vaults:3 | Reached skill level 17 in Shields
 39863 | Vaults:3 | Received a gift from Trog
 40955 | Vaults:4 | Received a gift from Trog
 41925 | Elf:1    | Entered Level 1 of the Elven Halls
 42061 | Elf:1    | Found Mumecs's Distillery.
 42247 | Elf:1    | Noticed Agnes
 42254 | Elf:1    | Killed Agnes
 42380 | Elf:1    | Received a gift from Trog
 42836 | Elf:2    | Found Zouthrim's Food Boutique.
 42876 | Elf:2    | Received a gift from Trog
 42907 | Elf:2    | Reached XP level 22. HP: 114/122 MP: 32/32
 42949 | Elf:2    | Found Suryedda's Antique Armour Shoppe.
 42959 | Elf:2    | Bought a pair of embroidered gloves for 144 gold pieces
 43056 | Elf:2    | Found Iloll's Book Shoppe.
 43095 | Elf:2    | Found a large runed door.
 43095 | Elf:2    | Found a large runed door.
 43119 | Elf:2    | Found a large runed door.
 43119 | Elf:2    | Found a large runed door.
 43287 | Elf:2    | Found Dirghan's Magic Scroll Shoppe.
 43500 | Elf:2    | Found Gulyaxal's Assorted Antiques.
 43509 | Elf:2    | Bought a scroll of enchant weapon for 210 gold pieces
 43839 | Elf:2    | Noticed Louise
 43853 | Elf:2    | Killed Louise
 44078 | Elf:3    | Entered Level 3 of the Elven Halls
 44113 | Elf:3    | Found Qoygiun's Jewellery Shop.
 44292 | Elf:3    | Noticed Roxanne
 44311 | Elf:3    | Killed Roxanne
 44314 | Elf:3    | Identified Roxanne's Compendium of Clay and Transmutation (You took it off Roxanne on level 3 of the Elven Halls)
 44447 | Elf:3    | Received a gift from Trog
 45051 | Elf:3    | Reached skill level 15 in Evocations
 45163 | Elf:3    | Received a gift from Trog
 46473 | Elf:3    | Identified the Reference Book on the Escort
 46476 | Elf:3    | Identified the Guide on Transformation
 46490 | Elf:3    | Identified Sif Muna's Disquisition on the Ghastly Entourage
 46537 | Elf:3    | Identified the Catalogue of Dislocation
 46613 | Elf:3    | Received a gift from Trog
 47191 | Depths:1 | Entered Level 1 of the Depths
 47277 | Depths:1 | Noticed Wiglaf
 47277 | Depths:1 | Noticed zkyp's ghost (mighty DDAE)
 47323 | D:15     | Killed Wiglaf
 47323 | D:15     | Reached XP level 23. HP: 102/126 MP: 36/36
 47364 | Depths:1 | Killed zkyp's ghost
 47544 | Depths:1 | Found a gateway to a ziggurat.
 47728 | Depths:1 | Found a one-way gate to the infinite horrors of the Abyss.
 47834 | Depths:1 | Found a gateway to Hell.
 47850 | Depths:1 | Noticed Jorgrun
 47865 | Depths:1 | Killed Jorgrun
 48113 | Depths:2 | Noticed Saint Roka
 48186 | Depths:2 | Killed Saint Roka
 48188 | Depths:2 | Received a gift from Trog
 48357 | Depths:2 | Noticed Protee's ghost (mighty DsCj)
 48375 | Depths:2 | Killed Protee's ghost
 48570 | Depths:2 | Noticed the Enchantress
 48571 | Depths:2 | Noticed Sojobo
 48582 | Depths:2 | Killed the Enchantress
 48603 | Depths:2 | Reached skill level 18 in Evocations
 48619 | Depths:2 | Killed Sojobo
 48655 | Depths:2 | Got a faerie dragon armour
 49045 | Lair:1   | Identified the +8 faerie dragon armour {rPois MP+9 Str+3 Dex+4} (You took it off the Enchantress on level 2 of the Depths)
 49574 | Depths:2 | Noticed Asterion
 49588 | Depths:2 | Killed Asterion
 49697 | Depths:2 | Received a gift from Trog
 49700 | Depths:2 | Got a scorched morningstar {god gift}
 49714 | Depths:2 | Identified the +7 morningstar "Xetucer" {holy, rPois MR+ Dex-2} (Trog gifted it to you on level 2 of the Depths)
 49797 | Depths:2 | Found a glowing golden altar of the Shining One.
 50253 | Depths:3 | Reached skill level 19 in Evocations
 51061 | Depths:3 | Received a gift from Trog
 51147 | Depths:3 | Found a one-way gate leading to the halls of Pandemonium.
 51327 | Depths:3 | Reached XP level 24. HP: 132/132 MP: 37/37
 51484 | Depths:3 | Noticed a juggernaut
 51487 | Depths:3 | Noticed a juggernaut
 51504 | Depths:3 | Killed a juggernaut
 51511 | Depths:3 | Killed a juggernaut
 51576 | Depths:3 | Noticed a juggernaut
 51588 | Depths:3 | Killed a juggernaut
 52174 | Depths:3 | Identified Sif Muna's Almanac of Ghastly Calling
 52528 | D:13     | Received a gift from Trog
 52991 | Swamp:4  | Killed the 27-headed Lernaean hydra
 53136 | Swamp:4  | Got a decaying rune of Zot
 54107 | Depths:4 | Received a gift from Trog
 55457 | Depths:5 | Entered Level 5 of the Depths
 55517 | Depths:5 | Noticed a juggernaut
 55597 | Depths:5 | Reached XP level 25. HP: 144/144 MP: 37/37
 55719 | Depths:4 | Killed a juggernaut
 56026 | Depths:5 | Found a gate to the Realm of Zot.
 56184 | Depths:5 | Received a gift from Trog
 56369 | Depths:5 | Found a shattered altar of Ashenzari.
 57021 | Crypt:1  | Entered Level 1 of the Crypt
 57021 | Crypt:1  | Noticed Jory
 57035 | Crypt:1  | Killed Jory
 58319 | Crypt:1  | Upgraded the game from 0.17-a0-1850-g688e747 to 0.17-a0-1863-g715b4b0
 58720 | Crypt:2  | Reached XP level 26. HP: 150/150 MP: 37/37
 59617 | Crypt:3  | Entered Level 3 of the Crypt
 59617 | Crypt:3  | Found a staircase to the Tomb.
 59617 | Crypt:3  | Noticed Khufu
 59692 | Crypt:3  | Killed Khufu
 59902 | Crypt:3  | Found a basalt altar of Yredelemnul.
 60048 | Crypt:3  | Noticed an ancient lich
 60083 | Crypt:3  | Killed an ancient lich
 61843 | Vaults:5 | Entered Level 5 of the Vaults
 61963 | Vaults:4 | Received a gift from Trog
 62077 | Vaults:5 | Reached XP level 27. HP: 154/154 MP: 37/37
 62264 | Vaults:5 | Reached skill level 20 in Armour
 62352 | Vaults:5 | Received a gift from Trog
 62357 | Vaults:5 | Got a silver rune of Zot
 62584 | Vaults:5 | Noticed Mennas
 62595 | Vaults:5 | Killed Mennas
 63064 | Vaults:5 | Reached skill level 21 in Armour
 63188 | Vaults:5 | Got a vibrating bone ring
 63216 | Vaults:5 | Identified Olgreb's Catalogue of Contamination
 63224 | Vaults:5 | Identified the ring of Ascent {MR++ Int+3} (You took it off a deep elf fighter on level 5 of the Vaults)
 64342 | Zig:1    | Entered Level 1 of a ziggurat
 64366 | Zig:2    | Entered Level 2 of a ziggurat
 64379 | Zig:2    | Received a gift from Trog
 64407 | Zig:3    | Entered Level 3 of a ziggurat
 64486 | Zig:4    | Entered Level 4 of a ziggurat
 64549 | Zig:4    | Identified Vodghusesk's Reference Book on the Entourage
 64568 | Zig:5    | Entered Level 5 of a ziggurat
 64640 | Zig:6    | Entered Level 6 of a ziggurat
 64756 | Zig:7    | Entered Level 7 of a ziggurat
 64805 | Zig:7    | Received a gift from Trog
 64824 | Zig:7    | Got a fine fire dragon armour
 64829 | Zig:7    | Got a smoking mace
 64830 | Zig:7    | Identified the +8 mace "Offimmuo" {crush, rPois rC+} (You found it on level 7 of a ziggurat)
 64840 | Zig:8    | Entered Level 8 of a ziggurat
 65051 | Zig:8    | Noticed Watsy the pandemonium lord
 65063 | Zig:8    | Noticed Ytiemia the pandemonium lord
 65063 | Zig:8    | Noticed Johiricw the pandemonium lord
 65073 | Zig:8    | Killed Ytiemia the pandemonium lord
 65082 | Zig:8    | Killed Watsy the pandemonium lord
 65086 | Zig:8    | Paralysed by a giant eyeball for 3 turns
 65093 | Zig:8    | Killed Johiricw the pandemonium lord
 65132 | Zig:8    | Got a fine lead ring
 65133 | Zig:8    | Identified the ring of Hospitality {+/*Tele rPois rC+} (You found it on level 8 of a ziggurat)
 65144 | Zig:9    | Entered Level 9 of a ziggurat
 65169 | Zig:9    | HP: 1/156 [Shadow Fiend/bolt of cold (26)]
 65177 | Zig:9    | HP: 9/235 [deathcap[a curse toe] (4)]
 65182 | Zig:9    | HP: 3/235 [deathcap[a curse toe] (5)]
 65185 | Zig:9    | Mangled by a deathcap

Vault maps used:
D:1:      dpeg_arrival_pond
D:2:      uniq_sigmund, uniq_terence
D:3:      first_bread, kennysheep_generic_room_7, uniq_robin,
          uniq_crazy_yiuf_cottage, uniq_jessica
D:4:      minmay_temple_entry_hall, uniq_edmund, uniq_natasha
D:5:      grunt_temple_overflow_lords_of_destruction, serial_shops, shop,
          nicolae_shop_stone, shop_fountains,
          nicolae_shop_temple_entry_statues_fountains, st_stairs_8
D:6:      serial_shops, nicolae_shop_waterfront, tgw_kikubaaqudgha,
          uniq_eustachio, uniq_grinder
D:8:      minitemple
D:9:      dpeg_lair_monsters, uniq_psyche, uniq_erolcha, uniq_joseph
D:10:     kennysheep_boxes
D:11:     david_orc_5
D:12:     uniq_snorg
D:13:     grunt_vaults_entry_tiered
D:14:     serial_curves, eino_curves_01, eino_curves_04, basic_altar,
          uniq_nessos
D:15:     hangedman_depths_entry_civil_slaughter, minmay_misc_feat_pillars,
          serial_shops, nicolae_shop_statue_plus
Lair:1:   st_stairs_10, serial_bayou_shore_b, lemuel_fruit_fields,
          infiniplex_staircase_pool
Lair:2:   beast_lair_carwin_7, lemuel_fruit_fields, grunt_megastairs_4
Lair:3:   wad_woods_antlair
Lair:4:   lemuel_fruit_fields
Lair:5:   erik_1, dummy_snake_entry, minivault_11
Lair:6:   swamp_mist, minmay_slime_entry_pillars, roderic_batcave
Lair:7:   beast_lair_carwin_large_1, basic_altar,
          cheibrodos_lair_caveside_slide, uniq_josephine
Lair:8:   guppyfry_lair_end_dragon, hangedman_lair_in_review, lab_entry_generic,
          serial_bayou_shore_a
Swamp:1:  evilmike_swamp_ruin_rubble_2, swamp_pool1,
          nicolae_swamp_alligator_family, infiniplex_staircase_pool_2
Swamp:2:  hangedman_swamp_cone, uniq_nikola
Swamp:3:  portal_ice_cave_entry_ice_beasts, evilmike_swamp_ruin_house_5,
          swamp_pool1
Swamp:4:  swamp_old_school, swamp_pool5
Snake:1:  uniq_aizul
Snake:2:  serial_shops, shop, nicolae_snake_single_loop, serial_bayou_pond_a
Snake:4:  snake_pit_salamanders_mu
Orc:1:    lemuel_ogre_cave, serial_shops, nicolae_shop_behind_doors
Orc:2:    basic_altar, serial_shops, nicolae_shop_crystal, enter_bailey_2,
          mines1_david
Orc:3:    basic_altar, serial_shops, shop, nicolae_orc_pool_cavern
Orc:4:    st_orc_mages, serial_shops, shop, shop_fountains,
          nicolae_shop_overgrown_old_shop, shop_statue
Elf:1:    eino_elf_arrival_sip, serial_shops, shop, minmay_elf_crystal_hexagon,
          laboratory, uniq_agnes
Elf:2:    serial_shops, shop, nicolae_shop_overgrown_old_shop,
          nicolae_shop_temple_entry_statues_fountains, shop_statue,
          nicolae_shop_crystal, uniq_louise
Elf:3:    minmay_elf_hall_hex, serial_shops, shop, st_stairs_8, uniq_roxanne
Vaults:1: hangedman_vaults_pinch, vaults_dpeg_ring, ontoclasm_vaults_pinch,
          dpeg_vaults_monster_box, nicolae_vaults_puzzle_piece,
          grunt_vaults_bifocal, hangedman_vaults_stretched_pinwheel,
          nicolae_vaults_mini_display_case, ontoclasm_vaults_fault, v_misc_10,
          v_alt_pattern_2, nicolae_vaults_circle_grid_b, vaults_dpeg_diagonal
Vaults:2: nicolae_vaults_angled_halls, nicolae_vaults_little_squares_2,
          minmay_crypt_entry_simple_box, ontoclasm_vaults_decontamination,
          nicolae_vaults_theta, hangedman_vaults_locks
Vaults:3: nicolae_vaults_quadrants, v_misc_31, v_misc_18,
          vaults_standard_mumra_lines, vaults_room_ringed_pool,
          vaults_room_boxed, vaults_mumra_hexcomb, v_misc_8,
          grunt_vaults_hallway_short, grunt_vaults_hallway_short,
          vaults_room_hallway, v_misc_9, ontoclasm_vaults_loading_screen,
          uniq_xtahua
Vaults:4: vaults_room_hallway, grunt_vaults_twisty, vaults_dpeg_encased_lava,
          v_misc_16, nicolae_vaults_little_squares_1,
          ontoclasm_vaults_loading_screen, hangedman_vaults_stitches,
          v_pattern_1, vaults_room_hallway, nicolae_vaults_angled_halls,
          v_misc_9, vaults_room_pool, hangedman_vaults_trim
Vaults:5: serial_shops, uniq_mennas
Crypt:1:  st_stairs_10, kb_skeletal_archery, uniq_jory
Crypt:2:  minicrypt_bobbens
Crypt:3:  church_of_pain_bobbens, uniq_khufu
Depths:1: enter_ziggurat_d, hell_entry, minmay_room_of_horrors,
          kennysheep_potato, uniq_wiglaf, uniq_jorgrun
Depths:2: abrahamwl_protected_by_tso_2, hell_entry, serial_bayou_pond_d,
          infiniplex_staircase_zigzag_4, uniq_saint_roka, uniq_enchantress,
          uniq_asterion, uniq_sojobo
Depths:3: minmay_nine_rooms, hell_entry, grunt_pan_entry_zigzag,
          minmay_misc_feat_diagonals, nicolae_abyss_entry_one_way_or_another
Depths:4: minmay_skeletal_surprise, abyss_entry_small_statue_room,
          lightli_too_deep, kilobyte_mutagenic_chamber
Depths:5: evilmike_zot_entry_diamond, grunt_hell_entry_dis_mu,
          hangedman_decor_clover_reticule, nicolae_ashenzari_panopticon
Zig:6:    ziggurat_pillar_centre_oklobs
Lab:      labyrinth_hidden_loot, nicolae_lab_x,
          labyrinth_baited_teleportation_trap, nicolae_lab_hexagon,
          nicolae_lab_statue, nicolae_lab_dead_end, nicolae_lab_very_dead_end,
          labyrinth_skeletal_remains, labyrinth_glass_1, nicolae_lab_lava,
          nicolae_lab_blocks
Bailey:   bailey_polearm_5, bailey
IceCv:    ice_cave_tombish

Action                   |  1- 3 |  4- 6 |  7- 9 | 10-12 | 13-15 | 16-18 | 19-21 | 22-24 | 25-27 || total
-------------------------+-------+-------+-------+-------+-------+-------+-------+-------+-------++-------
Melee: Mace              |   119 |   180 |     1 |       |       |       |       |       |       ||   300
       Unarmed           |       |     1 |       |       |       |       |       |       |       ||     1
       Flail             |       |       |   371 |   648 |   111 |       |       |       |       ||  1130
       Morningstar       |       |       |       |       |  1154 |   632 |       |       |       ||  1786
       Eveningstar       |       |       |       |       |       |   715 |  1656 |  1327 |  1722 ||  5420
Invok: Berserk           |       |     2 |     3 |     3 |     9 |     3 |       |     5 |     2 ||    27
       Brothers in Arms  |       |       |       |       |     1 |     5 |       |     1 |     7 ||    14
       Trog's Hand       |       |       |       |       |     1 |     1 |       |     3 |     4 ||     9
       Burn Spellbooks   |       |       |       |       |       |       |       |     1 |       ||     1
Evoke: Wand              |       |       |       |       |     5 |     5 |     3 |    13 |     2 ||    28
       Rod               |       |       |       |       |     1 |       |       |       |       ||     1
       Stone of tremors  |       |       |       |       |       |       |       |     1 |       ||     1
       Lamp of fire      |       |       |       |       |       |       |       |       |     2 ||     2
       Deck              |       |       |       |       |       |       |       |       |     1 ||     1
       Box of beasts     |       |       |       |       |       |       |       |       |     1 ||     1
       Phial of floods   |       |       |       |       |       |       |       |       |     1 ||     1
  Use: Scroll            |       |       |       |    19 |    15 |    12 |     5 |     8 |     9 ||    68
       Potion            |       |       |       |     1 |     2 |     1 |       |       |       ||     4
 Stab: Confused          |       |       |       |       |       |     3 |       |       |       ||     3
       Distracted        |       |       |       |       |       |       |       |       |     4 ||     4
  Eat: Chunk             |     1 |     6 |    14 |    11 |    34 |    13 |    34 |    19 |     8 ||   140
       Bread ration      |       |       |       |     1 |       |     3 |     2 |     2 |     4 ||    12
       Royal jelly       |       |       |       |     1 |       |     1 |       |     1 |       ||     3
       Beef jerky        |       |       |       |       |     3 |     1 |       |     1 |     2 ||     7
       Fruit             |       |       |       |       |     1 |       |       |     8 |       ||     9
       Pizza             |       |       |       |       |     1 |     2 |     2 |       |     1 ||     6
       Meat ration       |       |       |       |       |       |     2 |       |     3 |     1 ||     6
